AoeStats
← FK I'm Dead

Four Lakes

509921996Analyzed
1v1 RM · 4d ago on Sep 28, 2026· 38m 44s· 2 players
Game mode
Random Map
Map size
Tiny (2 player)
Population
200
Speed
Normal
Resources
Standard
Victory
Conquest
Starting age
Dark Age
Ending age
Imperial Age
RankedLock teamsTeams togetherTeam positionsShared explorationLock speedFull tech treeHidden civsTurbo modeCheats
Victory
Defeat
🇬🇧 Armenians · United Kingdom
683
+17
🇨🇦 Jurchens · Canada
708
-36
Jelly.Bean
13:46 Feudal Age
12:03 Loom
14:21 Double-Bit Axe
14:27 Gold Mining
14:26 Fishing Lines
15:03 Man-at-Arms
15:30 Arson
16:30 Long Swordsman
18:44 Scale Mail Armor
18:55 Forging
22:48 Castle Age
27:06 Two-Handed Swordsman
31:16 Imperial Age
30:00 Chain Mail Armor
30:21 Iron Casting
32:35 Capped Ram
34:45 Plate Mail Armor
35:16 Blast Furnace
36:06 Fereters
FK I'm Dead
3:23 Loom
12:34 Feudal Age
12:58 Horse Collar
13:05 Double-Bit Axe
14:01 Wheelbarrow
13:48 Fishing Lines
20:26 Castle Age
19:08 Scale Barding Armor
20:13 Bloodlines
20:32 Man-at-Arms
22:14 Husbandry
23:04 Fletching
24:13 Heavy Plow
24:02 Light Cavalry
32:06 Husbandry
33:36 Squires
33:26 Gambesons
34:06 Devotion
36:18 Murder Holes
38:58 Hand Cart
Connection lost

Rejoining the realm…

Still unreachable

The connection could not be restored.

Session expired

The server has moved on; the page needs a fresh start.